 Dungeon Crawl Stone Soup version 0.28.0-53-g5a82cb258f (webtiles) character file.

Game seed: 18002128259105479679

377 TheOvate the Chopper (level 6, -2/52 HPs)
             Began as a Deep Dwarf Warper on Aug 12, 2022.
             Slain by a gnoll
             ... wielding a +0 spear
              (3 damage)
             ... on level 4 of the Dungeon.
             The game lasted 00:17:01 (3996 turns).

TheOvate the Chopper (Deep Dwarf Warper)            Turns: 3996, Time: 00:17:01

Health: -2/52      AC:  4    Str: 17    XL:     6   Next: 45%
Magic:  8/8        EV: 12    Int: 13    God:
Gold:   141        SH:  0    Dex: 12    Spells: 4/9 levels left

rFire   . . .      SeeInvis .   a - +0 hand axe
rCold   + . .      Faith    .   (no shield)
rNeg    . . .      Spirit   .   s - +0 leather armour {rC+}
rPois   .          Reflect  .   (no helmet)
rElec   .          Harm     .   (no cloak)
rCorr   .          Rampage  .   (no gloves)
Will    .....                   g - +0 pair of boots
Stlth   +.........              k - amulet of magic regeneration
HPRegen 0.00/turn               (no ring)
MPRegen 0.51/turn               (no ring)

@: no status effects
A: damage resistance, heal wounds, sense surroundings 1, no regeneration
a: Heal Wounds


You were on level 4 of the Dungeon.
You visited 1 branch of the dungeon, and saw 4 of its levels.

You collected 141 gold pieces.

Inventory:

Hand Weapons
 a - a +0 hand axe (weapon)
Missiles
 d - 3 boomerangs of dispersal (quivered)
Armour
 g - a +0 pair of boots (worn)
 s - a +0 leather armour of cold resistance (worn)
Jewellery
 k - an amulet of magic regeneration (around neck)
 o - a ring of fire
Wands
 p - a wand of mindburst (14)
Scrolls
 c - 2 scrolls of blinking
 e - 3 scrolls of enchant armour {unknown}
 h - 7 scrolls of identify {unknown}
 i - 2 scrolls of acquirement {unknown}
 l - 2 scrolls of enchant weapon {unknown}
 m - 2 scrolls of magic mapping {unknown}
 n - a scroll of noise {unknown}
Potions
 f - a potion of attraction {unknown}
 j - 3 potions of brilliance {unknown}
 q - a potion of mutation {unknown}
 r - 2 potions of might {unknown}


   Skills:
 - Level 2.0 Fighting
 + Level 5.5 Axes
 - Level 0.8 Throwing
 * Level 2.8 Armour
 * Level 3.3 Dodging
 - Level 2.3 Spellcasting
 - Level 4.1 Translocations


You had 4 spell levels left.
You knew the following spells:

 Your Spells              Type           Power      Damage    Failure   Level
a - Blink                 Tloc           24%        N/A       9%          2
b - Gell's Gravitas       Tloc           12%        N/A       16%         3

Your spell library contained the following spells:

 Spells                   Type           Power      Damage    Failure   Level
 Lesser Beckoning         Tloc           12%        N/A       16%         3
 Teleport Other           Tloc           12%        N/A       16%         3
 Manifold Assault         Tloc           12%        N/A       83%         5


Dungeon Overview and Level Annotations

Branches:
Dungeon (4/15)
 Temple: D:4-7

Altars:


Innate Abilities, Weirdness & Mutations

You are resistant to damage.
You can heal yourself by infusing magical energy.
You passively map a small area around you.
You do not regenerate.


Message History

You hit the adder.
You kill the adder!
The gnoll hits you from afar with a +0 spear.
The gnoll shaman hits you with a +0 whip.
Throw: 4 boomerangs (disperse)
Press: ? - help, Q - select action, (/) - cycle Shift-Dir - straight line, f - gnoll shaman
Aim: a gnoll shaman, wielding a +0 whip and wearing a +0 leather armour (moderately wounded, 61% to hit)
You throw a boomerang of dispersal.
The boomerang of dispersal hits the gnoll shaman!
The gnoll shaman blinks!
The gnoll closely misses you.
Welcome back, TheOvate the Deep Dwarf Warper.
Press ? for a list of commands and other information.
The gnoll shaman hits you with a +0 whip.
You barely miss the gnoll shaman.
The gnoll shaman is heavily wounded.
The gnoll closely misses you.
The gnoll shaman calls upon its god to speed up the gnoll.
The gnoll seems to speed up.
The gnoll shaman barely misses you.
The gnoll hits you from afar with a +0 spear.
* * * LOW HITPOINT WARNING * * *
The gnoll completely misses you.
The gnoll hits you from afar with a +0 spear!
* * * LOW HITPOINT WARNING * * *
The gnoll shaman calls upon its god to heal the gnoll.
The gnoll's wounds heal themselves!
The gnoll hits you from afar with a +0 spear.
* * * LOW HITPOINT WARNING * * *
The gnoll shaman hits you with a +0 whip.
* * * LOW HITPOINT WARNING * * *
The gnoll hits you with a +0 spear.
* * * LOW HITPOINT WARNING * * *
The gnoll hits you from afar with a +0 spear.
You barely miss the gnoll shaman. You punch the gnoll shaman.
The gnoll shaman is heavily wounded.
The gnoll hits you from afar with a +0 spear.
* * * LOW HITPOINT WARNING * * *
The gnoll hits you from afar with a +0 spear.
You die...

*#,* #.......###.....## *.#.#.##
###...>##.##.......##
.......#####.......#.#.........#
........g............'.........'
....##.#####.......#.#.........#
# ,**#. ###g..###.##.......##
,.. #gg.....###.....## ###
##g###### ##...## * * #@# ##'##
#.# * #.# #.# #(# * #.. ,, ,
###* , , , *


You could see a gnoll shaman and 3 gnolls.

Vanquished Creatures
  Sigmund (D:3)
  A hound skeleton (D:4)
  Robin (D:2)
  A howler monkey skeleton (D:4)
  6 adders
  An adder skeleton (D:4)
  3 worms
  2 dart slugs (D:3)
  4 orcs
  8 endoplasms
  2 giant cockroaches
  14 hobgoblins
  10 jackals
  3 quokkas
  4 ball pythons
  8 bats
  A frilled lizard (D:2)
  17 goblins
  10 kobolds
  7 rats
104 creatures vanquished.

Notes
Turn   | Place    | Note
-------+----------+-------------------------------------------
     0 | D:1      | TheOvate the Deep Dwarf Warper began the quest for the Orb.
     0 | D:1      | Reached XP level 1. HP: 19/19 MP: 3/3
   168 | D:1      | Reached XP level 2. HP: 20/26 MP: 4/4
   180 | D:1      | Learned a level 2 spell: Blink
   732 | D:1      | Reached XP level 3. HP: 26/32 MP: 5/5
  1198 | D:1      | Found a faded altar of an unknown god.
  1537 | D:2      | Learned a level 3 spell: Gell's Gravitas
  1543 | D:2      | Reached skill level 3 in Axes
  1941 | D:2      | Reached XP level 4. HP: 34/39 MP: 6/6
  2424 | D:2      | Noticed Robin
  2466 | D:2      | Killed Robin
  2467 | D:2      | Reached skill level 4 in Axes
  2627 | D:3      | Reached XP level 5. HP: 36/45 MP: 7/7
  2828 | D:3      | Noticed Sigmund
  2857 | D:3      | Killed Sigmund
  2858 | D:3      | Reached skill level 5 in Axes
  2858 | D:3      | Reached XP level 6. HP: 35/52 MP: 4/8
  3993 | D:4      | HP: 2/52 [gnoll/+0 spear (2)]
  3996 | D:4      | Slain by a gnoll

Illustrated notes

Levels and vault maps discovered:
D:1:      dpeg_arrival_morbid_curiosity, layout_basic,
          hellmonk_ecumenical_altar_inner_sanctum, minmay_tromino_i4
D:2:      minmay_spotlight, layout_loops_ring, uniq_robin
D:3:      layout_loops_corners, minmay_hedge_maze, st_stairs_1, uniq_sigmund
D:4:      layout_loops_corners

Skill      XL: |  1  2  3  4  5 |
---------------+----------------+-----
Fighting       | 2 |  2.0
Axes           | 3 4 5 |  5.5
Spellcasting   | 2 |  2.3
Translocations | 4 |  4.1
Armour         | 2 |  2.8
Dodging        | 3 |  3.3
Throwing       | |  0.8

Action                   |  1- 3 |  4- 6 || total
-------------------------+-------+-------++-------
Melee: Hand axe          |   166 |   244 ||   410
       Punch             |     1 |     5 ||     6
Throw: Boomerang         |       |     2 ||     2
 Cast: Blink             |     1 |       ||     1
       Gell's Gravitas   |       |     3 ||     3
 Abil: Heal Wounds       |     3 |     5 ||     8
 Stab: Sleeping          |       |     1 ||     1
Armor: Leather armour    |    50 |    61 ||   111
Dodge: Dodged            |   144 |   129 ||   273
